AoeStats
← Forbrave

Arena

507060139Analyzed
1v1 RM · 15d ago on Sep 16, 2026· 74m 22s· 2 players
Game mode
Random Map
Map size
Tiny (2 player)
Population
200
Speed
Normal
Resources
Standard
Victory
Conquest
Starting age
Dark Age
Ending age
Imperial Age
RankedLock teamsTeams togetherTeam positionsShared explorationLock speedFull tech treeHidden civsTurbo modeCheats
Victory
Defeat
🇹🇷 Goths · Türkiye
456
+17
🇪🇬 Britons · Egypt
467
-17
Forbrave
12:21 Feudal Age
10:37 Loom
13:12 Horse Collar
15:05 Double-Bit Axe
23:51 Castle Age
23:50 Bloodlines
25:08 Pikeman
32:27 Imperial Age
30:08 Pikeman
30:17 Pikeman
32:01 Scale Mail Armor
35:08 Perfusion
35:10 Anarchy
37:13 Wheelbarrow
40:10 Halberdier
45:59 Squires
47:17 Hand Cart
47:36 Cavalier
54:13 Chain Mail Armor
54:14 Forging
54:09 Husbandry
54:26 Crossbowman
67:23 Fletching
67:37 Padded Archer Armor
67:33 Elite Skirmisher
70:27 Bodkin Arrow
70:15 Onager
samko.keta
9:16 Loom
11:41 Feudal Age
12:25 Gold Mining
12:23 Double-Bit Axe
13:18 Stone Mining
24:52 Castle Age
23:39 Horse Collar
26:59 Heavy Plow
27:12 Bow Saw
27:40 Gold Shaft Mining
27:47 Fervor
31:10 Wheelbarrow
30:20 Town Watch
31:44 Town Patrol
32:26 Hand Cart
36:10 Fletching
36:21 Padded Archer Armor
37:06 Bodkin Arrow
41:30 Imperial Age
38:57 Treadmill Crane
43:00 Bracer
43:15 Leather Archer Armor
43:56 Conscription
45:55 Two-Man Saw
45:22 Conscription
45:22 Masonry
49:13 Ring Archer Armor
48:45 Warwolf
51:06 Hoardings
50:48 Elite Longbowman
55:01 Yeomen
56:09 Guilds
58:58 Chemistry
58:20 Ballistics
58:08 Siege Engineers
61:15 Architecture
Connection lost

Rejoining the realm…

Still unreachable

The connection could not be restored.

Session expired

The server has moved on; the page needs a fresh start.